 Dungeon Crawl Stone Soup version 0.19-a0-277-g85cb9a5 (webtiles) character file.

92 DungeonMaster the Covered (level 4, 0/34 HPs)
             Began as a Demonspawn Wanderer on May 27, 2016.
             Slain by inmateoo's ghost (15 damage)
             ... on level 3 of the Dungeon.
             The game lasted 00:06:42 (2680 turns).

DungeonMaster the Covered (Demonspawn Wanderer)     Turns: 2680, Time: 00:06:43

Health: 0/34       AC:  7    Str: 10 (12) XL:     4   Next: 35%
Magic:  4/4        EV: 10    Int: 15      God:
Gold:   134        SH:  0    Dex:  9 (12) Spells: 0 memorised, 3 levels left

rFire  . . .     SeeInvis .     a - +2 hand axe
rCold  . . .     Gourm    .     b - +0 ring mail
rNeg   . . .     Faith    .     (no shield)
rPois  .         Spirit   .     n - +0 helmet
rElec  .         Dismiss  .     (no cloak)
rCorr  .         Reflect  .     (no gloves)
SustAt .         Harm     .     (no boots)
MR     .....                    (no amulet)
Stlth  ++........               (no ring)
                                (no ring)

@: lethally poisoned (0 -> -4), not resistant to hostile enchantments,
unstealthy
A: claws 1, nightstalker 1
a: no special abilities


You were on level 3 of the Dungeon.
You were not hungry.

You visited 1 branch of the dungeon, and saw 3 of its levels.

You collected 134 gold pieces.

Inventory:

Hand Weapons
 a - a +2 hand axe (weapon)
 f - a +0 hand axe of freezing
Missiles
 e - 34 sling bullets
 g - 99 stones (quivered)
 j - 12 tomahawks
 p - 28 arrows
 q - 8 steel tomahawks
Armour
 b - a +0 ring mail (worn)
 n - a +0 helmet (worn)
Scrolls
 k - a scroll of teleportation
Potions
 c - a potion of lignification
 l - 2 potions of cancellation
Books
 m - a book of Necromancy

   Spells                             Type                      Level
   a - Pain                           Necromancy                   1
   b - Animate Skeleton               Necromancy                   1
   c - Vampiric Draining              Necromancy                   3
   d - Regeneration                   Charms/Necromancy            3
   e - Animate Dead                   Necromancy                   4
   f - Control Undead                 Necromancy                   4
Comestibles
 d - 2 bread rations
 h - 5 meat rations
 i - a slice of pizza


   Skills:
 * Level 2.6 Fighting
 * Level 2.5 Axes
 * Level 4.0 Armour
 * Level 2.0 Dodging
 - Level 1.0 Stealth
   Level 1.0 Evocations


You had 3 spell levels left.
You didn't know any spells.

Dungeon Overview and Level Annotations

Branches:
Dungeon (3/15)

Altars:

Annotations:
D:3 inmateoo's ghost, amateur GrFi


Innate Abilities, Weirdness & Mutations

You have sharp fingernails.
You are slightly more attuned to the shadows.


Message History

The adder is almost dead.
You feel sick. The adder bites you.
You are more poisoned.
The adder poisons you!
You miss the adder.
The adder is almost dead.
The adder barely misses you. The adder bites you.
Your ring mail prevents you from hitting the adder.
The adder is severely wounded.
You feel sick. The adder barely misses you. The adder bites you.
You hit the adder.
The adder is almost dead.
You barely miss inmateoo's ghost.
Inmateoo's ghost hits you but does no damage.
The adder barely misses you.
You miss the adder.
The adder is almost dead.
You barely miss inmateoo's ghost.
You feel sick. The adder bites you but does no damage.
Inmateoo's ghost hits you!
You die...

########
.......######
............##
..............
...............
.$...........# ..
#.......S....#
.#.###......W@....#
...............##+#.#
#......8........#
#.....8.8.......#
#....8._.8......##.#
#.....8.8..#.......#
#......8...#..######
................
........#.##..###


You could see inmateoo's ghost and an adder.

Vanquished Creatures
  3 adders
  2 worms
  A dart slug (D:1)
  A giant gecko (D:2)
  A ball python (D:2)
  6 giant cockroaches
  5 goblins
  8 hobgoblins
  7 jackals (D:1)
  6 bats
  3 giant newts (D:2)
  4 kobolds
  4 rats
51 creatures vanquished.

Notes
Turn   | Place    | Note
--------------------------------------------------------------
     0 | D:1      | DungeonMaster the Demonspawn Wanderer began the quest for the Orb.
     0 | D:1      | DungeonMaster set off with: a +2 hand axe, a +0 ring mail, a potion of lignification, a bread ration
     0 | D:1      | Reached XP level 1. HP: 16/16 MP: 1/1
   584 | D:1      | Gained mutation: You are slightly more attuned to the shadows. [demonic ancestry]
   584 | D:1      | Reached XP level 2. HP: 23/23 MP: 2/2
  1262 | D:1      | Reached skill level 1 in Dodging
  1277 | D:1      | Gained mutation: You have sharp fingernails. [demonic ancestry]
  1277 | D:1      | Reached XP level 3. HP: 25/28 MP: 3/3
  1981 | D:2      | Reached XP level 4. HP: 23/34 MP: 4/4
  2627 | D:3      | Found a faded altar to an unknown god.
  2658 | D:3      | Reached skill level 4 in Armour
  2675 | D:3      | Noticed inmateoo's ghost (amateur GrFi)
  2680 | D:3      | Slain by inmateoo's ghost

Vault maps used:
D:1:      minmay_arrival_arboretum_small, grunt_decor_arrowhead
D:2:      first_bread
D:3:      lightli_temple_of_fire, ecumenical_altar_2, kennysheep_generic_room_4,
          uniq_robin

Skill      XL: |  1  2  3  4 |
---------------+-------------+-----
Axes           | 2 |  2.5
Dodging        | 1 2 |  2.0
Armour         | 4 |  4.0
Fighting       | |  2.6
Stealth        | |  1.0
Evocations     | |  1.0

Action                   |  1- 3 |  4- 6 || total
-------------------------+-------+-------++-------
Melee: Hand axe          |   143 |    60 ||   203
  Use: Scroll            |     4 |     1 ||     5
       Potion            |     2 |     1 ||     3
 Stab: Sleeping          |     3 |     3 ||     6
  Eat: Chunk             |     3 |     3 ||     6
Armor: Ring mail         |    75 |    35 ||   110
Dodge: Dodged            |    97 |    40 ||   137
